 Dungeon Crawl Stone Soup version 0.27-a0-860-gaf99fae3ca (webtiles) character file.

Game seed: 1542450391950329197

8995 robertstho the Frost Mage (level 11, -2/120 (121) HPs)
             Began as a Gnoll Ice Elementalist on Apr 1, 2021.
             Was a Priest of Sif Muna.
             Slain by Erica
             ... wielding a +4 scimitar of flaming
              (5 damage)
             ... on level 10 of the Dungeon.
             The game lasted 00:22:53 (11288 turns).

robertstho the Frost Mage (Gnoll Ice Elementalist) Turns: 11288, Time: 00:22:54

HP:   -2/120 (121)  AC: 12    Str:  7    XL:     11   Next: 39%
MP:   4/23          EV: 15    Int: 19    God:    Sif Muna [***...]
Gold: 579           SH:  0    Dex: 12    Spells: 11/26 levels left

rFire    . . .     SeeInvis .   I - +5 halberd
rCold    . . .     Faith    .   (shield currently unavailable)
rNeg     . . .     Spirit   .   m - +0 steam dragon scales
rPois    .         Reflect  .   (no helmet)
rElec    .         Harm     .   n - +0 cloak
rCorr    .         Rampage  .   s - +0 pair of gloves
Will     .....                  (no boots)
Stlth    ..........             b - amulet of regeneration
HPRegen  1.30/turn              e - +4 ring of protection
MPRegen  0.18/turn              F - ring of flight

@: berserking, frozen ramparts, flying, lightly drained, very quick
A: fangs 1, strong nose, distributed training
a: Renounce Religion, Channel Magic, Forget Spell


You were on level 10 of the Dungeon.
You worshipped Sif Muna.
Sif Muna was most pleased with you.
You visited 2 branches of the dungeon, and saw 11 of its levels.
You also visited: Ossuary.

You collected 579 gold pieces.

Inventory:

Hand Weapons
 I - a +5 halberd (weapon)
Armour
 a - a +0 robe
 m - +0 steam dragon scales (worn)
 n - a +0 cloak (worn)
 s - a +0 pair of gloves (worn)
Jewellery
 b - an amulet of regeneration (around neck)
 e - a +4 ring of protection (left hand)
 F - a ring of flight (right hand)
Wands
 h - a wand of acid (10)
 C - a wand of flame (16)
 H - a wand of digging (6)
Scrolls
 c - a scroll of brand weapon {unknown}
 f - 2 scrolls of blinking
 i - 6 scrolls of enchant weapon {unknown}
 j - 4 scrolls of amnesia {unknown}
 l - 9 scrolls of noise {unknown}
 o - 2 scrolls of fear {unknown}
 p - a scroll of fog {unknown}
 q - a scroll of torment {unknown}
 r - 3 scrolls of teleportation {unknown}
 y - 2 scrolls of immolation {unknown}
 B - a scroll of silence {unknown}
 D - 2 scrolls of summoning
 E - 2 scrolls of magic mapping
 J - a scroll of holy word {unknown}
Potions
 d - 7 potions of brilliance
 g - 3 potions of cancellation
 k - 5 potions of curing
 t - a potion of berserk rage
 u - 4 potions of ambrosia {unknown}
 v - 2 potions of might {unknown}
 w - 3 potions of degeneration {unknown}
 x - 2 potions of attraction {unknown}
 z - 6 potions of flight {unknown}
 A - a potion of lignification
 G - a potion of haste


   Skills:
 + Level 6.2 Fighting
 + Level 6.2 Short Blades
 + Level 6.2 Long Blades
 + Level 6.2 Axes
 + Level 6.2 Maces & Flails
 + Level 6.2 Polearms
 + Level 6.2 Staves
 + Level 6.2 Slings
 + Level 6.2 Bows
 + Level 6.2 Crossbows
 + Level 6.2 Throwing
 + Level 6.2 Armour
 + Level 7.8 Dodging
 + Level 7.6 Stealth
 + Level 6.2 Shields
 + Level 6.2 Unarmed Combat
 + Level 8.1 Spellcasting
 + Level 5.1 Conjurations
 + Level 5.1 Hexes
 + Level 5.1 Summonings
 + Level 5.1 Necromancy
 + Level 5.1 Translocations
 + Level 5.1 Transmutations
 + Level 5.1 Fire Magic
 + Level 8.9 Ice Magic
 + Level 5.1 Air Magic
 + Level 5.1 Earth Magic
 + Level 5.1 Poison Magic
 + Level 6.8 Invocations
 + Level 6.2 Evocations


You had 11 spell levels left.
You knew the following spells:

 Your Spells              Type           Power      Damage    Failure   Level
a - Freeze                Ice            100%       1d11      1%          1
b - Frozen Ramparts       Ice            82%        1d10      1%          3
c - Ozocubu's Armour      Ice            41%        N/A       1%          3
d - Hailstorm             Conj/Ice       34%        3d9       4%          4
e - Summon Ice Beast      Ice/Summ       34%        N/A       4%          4

Your spell library contained the following spells:

 Spells                   Type           Power      Damage    Failure   Level
 Animate Skeleton         Necr           54%        N/A       1%          1
 Apportation              Tloc           54%        N/A       1%          1
 Corona                   Hex            30%        N/A       1%          1
 Sandblast                Erth           54%        2d13      1%          1
 Shock                    Conj/Air       100%       1d9       1%          1
 Summon Small Mammal      Summ           100%       N/A       1%          1
 Call Imp                 Summ           27%        N/A       1%          2
 Passwall                 Tmut/Erth      22%        N/A       1%          2
 Swiftness                Air            27%        N/A       1%          2
 Call Canine Familiar     Summ           27%        N/A       3%          3
 Static Discharge         Conj/Air       27%        N/A       3%          3
 Stone Arrow              Conj/Erth      54%        3d10      3%          3
 Summon Guardian Golem    Hex/Summ       27%        N/A       3%          3
 Airstrike                Air            13%        N/A       11%         4
 Petrify                  Tmut/Erth      27%        N/A       11%         4
 Summon Lightning Spire   Summ/Air       27%        N/A       11%         4
 Lee's Rapid Deconstruct  Erth           13%        3d10*     30%         5
 Lightning Bolt           Conj/Air       13%        1d27      30%         5


Dungeon Overview and Level Annotations

Branches:
Dungeon (10/15)            Temple (1/1) D:4         Ossuary (visited)
   Lair: D:8-11         Orc: D:9-12

Altars:
Ashenzari
Cheibriados
Dithmenos
Elyvilon
Fedhas
Gozag
Hepliaklqana
Kikubaaqudgha
Makhleb
Okawaru
Qazlal
Ru
Sif Muna
Trog
Vehumet
Wu Jian
Xom
Yredelemnul
Zin
The Shining One

Shops:
D:6 :

Annotations:
D:8 2 transporters, Pikel, Prince Ribbit
D:10 Erica


Innate Abilities, Weirdness & Mutations

You have very sharp teeth.
Your uncanny sense of smell can sniff out nearby items.
Your experience applies equally to all skills.


Message History

You closely miss something. Something hits you.
* * * LOW HITPOINT WARNING * * *
Something burns you.
* * * LOW HITPOINT WARNING * * *
Your frozen ramparts will break if you move.
Continue?
The frozen ramparts melt away as you move.
Things that are here:
a scroll labelled KISAKL TISAH; a +0 robe; a +4 falchion Cast which spell? (? or * to list)
Casting: Frozen Ramparts (safe; 1% risk of failure)
Press: ? - help, Dir - look around, f - activate The walls around you are covered in ice.
The wall freezes something.
Something barely misses you.
Unknown command.
J - a scroll labelled KISAKL TISAH The wall freezes something.
Something completely misses you.
You impale something!!
The wall freezes something.
Something hits you but does no damage.
The wall freezes something.
Something hits you!
* * * LOW HITPOINT WARNING * * *
Something burns you.
* * * LOW HITPOINT WARNING * * *
Unknown command.
You feel better.
The wall freezes something.
Something hits you.
* * * LOW HITPOINT WARNING * * *
Something burns you.
* * * LOW HITPOINT WARNING * * *
Unknown command.
You feel better.
The wall freezes something.
Something hits you!
* * * LOW HITPOINT WARNING * * *
Something burns you!
* * * LOW HITPOINT WARNING * * *
A red film seems to cover your vision as you go berserk!
You feel yourself moving faster!
You feel mighty!
The wall freezes something!
Something barely misses you.
You miss something. Your bite misses something. You miss something.
The wall freezes something.
Something hits you!
* * * LOW HITPOINT WARNING * * *
Something burns you.
You die...

...#..........##
...............# .
.8.8...........##..
..................
........[......#
......[........#...
....>..[[..(.......
.......##{.[###...#
......# #@#.#(# #.#
....#.###...#.#...#
.........###...#
........#.#.#.#.#∆ #
..........##.#.#.##.
.......###..#.#.#..##
..
∆.....y#[..#.#.#.#..∆
......
.....###..#.#.#..##
...#..
###....†##.#.#.##.


There were no monsters in sight!

Vanquished Creatures
  A death knight (D:8)
  A two-headed ogre (D:8)
  Psyche (D:10)
  An unseen horror (D:8)
  2 trolls (D:10)
  A shadow (D:10)
  A wraith (D:10)
  7 yaks (D:9)
  2 wyverns (D:8)
  A water moccasin (D:6)
  An ice beast (D:5)
  An orc warrior (D:9)
  3 black bears
  A centaur (D:9)
  2 ogres (D:5)
  2 wolves (D:10)
  A phantom (D:6)
  A bullfrog (D:8)
  2 kobold brigands
  Blork the orc (D:4)
  3 scorpions
  22 killer bees
  12 wights
  2 electric eels (D:10)
  A bullfrog zombie (D:6)
  4 hounds
  4 centaur zombies
  A jelly (D:7)
  An iguana (D:6)
  Jessica (D:3)
  A centaur skeleton (D:5)
  Crazy Yiuf (D:3)
  5 orc wizards (D:5)
  2 hound skeletons
  2 mummies (Ossuary)
  9 adders
  4 gnolls
  2 white imps (D:7)
  An ufetubus (D:7)
  A dart slug (D:4)
  18 orcs
  7 ball pythons
  3 bats
  6 endoplasms
  6 giant cockroaches
  A gnoll zombie (Ossuary)
  6 goblins
  6 hobgoblins
  13 jackals
  12 kobolds
  2 quokkas (D:1)
  6 frilled lizards
  2 goblin zombies (Ossuary)
  2 hobgoblin zombies (Ossuary)
  2 orc zombies (Ossuary)
  8 rats
212 creatures vanquished.

Vanquished Creatures (collateral kills)
  A queen bee (D:9)
  A troll (D:10)
  A hornet (D:9)
  A yak (D:9)
  A steam dragon (D:8)
  A water moccasin (D:7)
  2 nameless horrors
  A hornet zombie (D:6)
  A sky beast (D:6)
  An ice beast (D:6)
  2 ogres (D:6)
  3 centaurs
  A wolf (D:10)
  A phantom (D:6)
  A wyvern skeleton (D:7)
  5 killer bees (D:9)
  6 wights
  An electric eel (D:10)
  A bullfrog zombie (D:7)
  4 hounds
  A gnoll shaman (D:7)
  An iguana (D:7)
  An orc wizard (D:7)
  A mummy (Ossuary)
  A howler monkey zombie (D:9)
  3 gnolls (D:7)
  An adder (D:5)
  A shadow imp (D:7)
  A white imp (D:7)
  3 orcs
50 creatures vanquished.

Vanquished Creatures (others)
  A fungus (D:3)
1 creature vanquished.

Grand Total: 263 creatures vanquished

Notes
Turn   | Place    | Note
-------+----------+-------------------------------------------
     0 | D:1      | robertstho the Gnoll Ice Elementalist began the quest for
                  | the Orb.
     0 | D:1      | Reached XP level 1. HP: 13/13 MP: 6/6
   149 | D:1      | Reached XP level 2. HP: 17/19 MP: 3/7
   514 | D:1      | Found a faded altar of an unknown god.
   696 | D:1      | Reached XP level 3. HP: 25/25 MP: 5/9
   817 | D:1      | Reached skill level 5 in Spellcasting
  1306 | D:2      | Reached skill level 1 in Invocations
  1428 | D:2      | Reached skill level 1 in Fighting
  1428 | D:2      | Reached skill level 1 in Short Blades
  1428 | D:2      | Reached skill level 1 in Long Blades
  1428 | D:2      | Reached skill level 1 in Axes
  1428 | D:2      | Reached skill level 1 in Maces & Flails
  1428 | D:2      | Reached skill level 1 in Polearms
  1428 | D:2      | Reached skill level 1 in Staves
  1428 | D:2      | Reached skill level 1 in Slings
  1428 | D:2      | Reached skill level 1 in Bows
  1428 | D:2      | Reached skill level 1 in Crossbows
  1428 | D:2      | Reached skill level 1 in Throwing
  1428 | D:2      | Reached skill level 1 in Armour
  1428 | D:2      | Reached skill level 1 in Shields
  1428 | D:2      | Reached skill level 1 in Unarmed Combat
  1428 | D:2      | Reached skill level 1 in Evocations
  1437 | D:2      | Learned a level 3 spell: Frozen Ramparts
  1441 | D:2      | Learned a level 3 spell: Ozocubu's Armour
  1568 | D:2      | Reached XP level 4. HP: 32/32 MP: 9/11
  2213 | D:3      | Reached skill level 1 in Conjurations
  2213 | D:3      | Reached skill level 1 in Hexes
  2213 | D:3      | Reached skill level 1 in Summonings
  2213 | D:3      | Reached skill level 1 in Necromancy
  2213 | D:3      | Reached skill level 1 in Translocations
  2213 | D:3      | Reached skill level 1 in Transmutations
  2213 | D:3      | Reached skill level 1 in Fire Magic
  2213 | D:3      | Reached skill level 1 in Air Magic
  2213 | D:3      | Reached skill level 1 in Earth Magic
  2213 | D:3      | Reached skill level 1 in Poison Magic
  2492 | D:3      | Noticed Jessica
  2504 | D:3      | Killed Jessica
  2505 | D:3      | Reached XP level 5. HP: 37/37 MP: 5/12
  3113 | D:3      | Learned a level 4 spell: Hailstorm
  3114 | D:3      | Found a runed translucent door.
  3115 | D:3      | Noticed Crazy Yiuf
  3122 | D:3      | Killed Crazy Yiuf
  3348 | D:4      | Noticed Blork the orc
  3374 | D:4      | Killed Blork the orc
  3375 | D:4      | Reached XP level 6. HP: 43/44 MP: 7/14
  3381 | D:4      | Learned a level 4 spell: Summon Ice Beast
  3432 | D:4      | Noticed a black bear
  3449 | D:4      | Killed a black bear
  3450 | D:4      | Reached skill level 5 in Dodging
  3574 | D:4      | Noticed a nameless horror
  3578 | D:4      | Reached XP level 7. HP: 50/50 MP: 3/15
  3581 | D:4      | Killed a nameless horror
  3756 | D:4      | Found a staircase to the Ecumenical Temple.
  3772 | Temple   | Entered the Ecumenical Temple
  3827 | Temple   | Became a worshipper of Sif Muna the Loreminder
  3989 | D:5      | Entered Level 5 of the Dungeon
  4172 | D:5      | Reached skill level 5 in Stealth
  4498 | D:5      | Reached XP level 8. HP: 57/57 MP: 6/16
  4595 | D:5      | Found a sand-covered staircase.
  4736 | Ossuary  | Entered an ossuary
  4873 | Ossuary  | Reached * piety under Sif Muna
  5298 | D:6      | Noticed a nameless horror
  5462 | D:6      | Killed a nameless horror
  6209 | D:6      | Found Zonaxt's Book Shoppe.
  6301 | D:6      | Reached XP level 9. HP: 65/65 MP: 10/18
  7378 | D:7      | Reached ** piety under Sif Muna
  7970 | D:8      | Found an ornate altar of the Wu Jian Council.
  8074 | D:8      | Noticed a two-headed ogre
  8085 | D:8      | Noticed Pikel
  8089 | D:8      | Noticed a deep elf pyromancer
  8091 | D:8      | Noticed a boulder beetle
  8094 | D:8      | Found a transporter.
  8251 | D:8      | Noticed a centaur warrior
  8252 | D:8      | Noticed a death knight
  8436 | D:8      | Found an opulent altar of Gozag.
  8439 | D:8      | Noticed a death knight
  8457 | D:8      | Killed a death knight
  8458 | D:8      | Reached skill level 5 in Invocations
  8458 | D:8      | Reached XP level 10. HP: 12/73 MP: 4/20
  8564 | D:8      | Killed an unseen horror
  8565 | D:8      | Reached skill level 5 in Fighting
  8565 | D:8      | Reached skill level 5 in Short Blades
  8565 | D:8      | Reached skill level 5 in Long Blades
  8565 | D:8      | Reached skill level 5 in Axes
  8565 | D:8      | Reached skill level 5 in Maces & Flails
  8565 | D:8      | Reached skill level 5 in Polearms
  8565 | D:8      | Reached skill level 5 in Staves
  8565 | D:8      | Reached skill level 5 in Slings
  8565 | D:8      | Reached skill level 5 in Bows
  8565 | D:8      | Reached skill level 5 in Crossbows
  8565 | D:8      | Reached skill level 5 in Throwing
  8565 | D:8      | Reached skill level 5 in Armour
  8565 | D:8      | Reached skill level 5 in Shields
  8565 | D:8      | Reached skill level 5 in Unarmed Combat
  8565 | D:8      | Reached skill level 5 in Evocations
  8596 | D:8      | Found an ornate altar of the Wu Jian Council.
  8654 | D:8      | Found a transporter.
  8769 | D:8      | Killed a two-headed ogre
  8887 | D:8      | Noticed Prince Ribbit
  9348 | D:9      | Reached *** piety under Sif Muna
 10327 | D:9      | Reached XP level 11. HP: 78/81 MP: 2/22
 10618 | D:10     | Entered Level 10 of the Dungeon
 10656 | D:10     | Reached skill level 5 in Conjurations
 10656 | D:10     | Reached skill level 5 in Hexes
 10656 | D:10     | Reached skill level 5 in Summonings
 10656 | D:10     | Reached skill level 5 in Necromancy
 10656 | D:10     | Reached skill level 5 in Translocations
 10656 | D:10     | Reached skill level 5 in Transmutations
 10656 | D:10     | Reached skill level 5 in Fire Magic
 10656 | D:10     | Reached skill level 5 in Air Magic
 10656 | D:10     | Reached skill level 5 in Earth Magic
 10656 | D:10     | Reached skill level 5 in Poison Magic
 11262 | D:10     | Noticed Erica
 11263 | D:10     | Noticed Psyche
 11274 | D:10     | Killed Psyche
 11288 | D:10     | HP: 3/120 [something (14)]
 11288 | D:10     | Slain by Erica

Illustrated notes

Levels and vault maps discovered:
D:1:      shiori_angband_town, layout_basic, basic_ecumenical_altar,
          bh_walls_and_bars
D:2:      layout_loops_corners
D:3:      layout_basic, uniq_jessica, uniq_crazy_yiuf_cottage
D:4:      layout_cave_pools, minmay_temple_entry_junction_2, uniq_blork_the_orc
D:5:      layout_loops_ring, enter_ossuary_1, grunt_ministairs_10,
          minmay_a_box_with_orc_wizards_in_it
D:6:      black_bear_nest_1, layout_basic, serial_shops, shop,
          minmay_misc_feat_room
D:7:      layout_rooms
D:8:      gammafunk_the_bubble [the_bubble_gammafunk_grid], layout_cave_pools,
          marbit_many_paths, hangedman_feature_mirror, uniq_prince_ribbit1,
          uniq_pikel
D:9:      layout_gridville, minivault_7
D:10:     layout_cave_pools, erik_lair_island, serial_column_ruins,
          column_ruins_temple_circle, column_ruins_square_medium,
          column_ruins_open_tiny, column_ruins_columns_corner,
          column_ruins_columns_straight, column_ruins_columns_plus,
          dk_noncrumbling_4, minmay_holes, grunt_ministairs_3,
          minmay_starry_boxes, uniq_psyche, uniq_erica
Temple:   grunt_wide_crystal_templ

Skill      XL: |  1  2  3  4  5  6  7  8  9 10 11 |
---------------+----------------------------------+-----
Spellcasting   | 5 6 7 8 |  8.1
Invocations    | 1 2 3 4 5 6 |  6.8
Fighting       | 1 2 3 4 5 6 |  6.2
Short Blades   | 1 2 3 4 5 6 |  6.2
Long Blades    | 1 2 3 4 5 6 |  6.2
Axes           | 1 2 3 4 5 6 |  6.2
Maces & Flails | 1 2 3 4 5 6 |  6.2
Polearms       | 1 2 3 4 5 6 |  6.2
Staves         | 1 2 3 4 5 6 |  6.2
Slings         | 1 2 3 4 5 6 |  6.2
Bows           | 1 2 3 4 5 6 |  6.2
Crossbows      | 1 2 3 4 5 6 |  6.2
Throwing       | 1 2 3 4 5 6 |  6.2
Armour         | 1 2 3 4 5 6 |  6.2
Shields        | 1 2 3 4 5 6 |  6.2
Unarmed Combat | 1 2 3 4 5 6 |  6.2
Evocations     | 1 2 3 4 5 6 |  6.2
Conjurations   | 1 2 3 4 5 |  5.1
Hexes          | 1 2 3 4 5 |  5.1
Summonings     | 1 2 3 4 5 |  5.1
Necromancy     | 1 2 3 4 5 |  5.1
Translocations | 1 2 3 4 5 |  5.1
Transmutations | 1 2 3 4 5 |  5.1
Fire Magic     | 1 2 3 4 5 |  5.1
Air Magic      | 1 2 3 4 5 |  5.1
Earth Magic    | 1 2 3 4 5 |  5.1
Poison Magic   | 1 2 3 4 5 |  5.1
Dodging        | 5 6 7 |  7.8
Stealth        | 5 6 7 |  7.6
Ice Magic      | 8 |  8.9

Action                   |  1- 3 |  4- 6 |  7- 9 | 10-12 || total
-------------------------+-------+-------+-------+-------++-------
Melee: Unarmed           |    10 |       |       |       ||    10
       Dagger            |    59 |    33 |       |       ||    92
       Bite              |     2 |     4 |    11 |     7 ||    24
       Halberd           |       |    51 |   222 |   111 ||   384
 Cast: Freeze            |    40 |    13 |     1 |     7 ||    61
       Frozen Ramparts   |       |    11 |    14 |    19 ||    44
       Ozocubu's Armour  |       |     5 |     3 |     3 ||    11
       Summon Ice Beast  |       |     1 |    50 |    49 ||   100
       Hailstorm         |       |       |     8 |    37 ||    45
Invok: Channel Magic     |       |       |       |     5 ||     5
  Use: Scroll            |       |       |     8 |     2 ||    10
       Potion            |       |       |     1 |     5 ||     6
 Stab: Sleeping          |     6 |    12 |     9 |       ||    27
       Distracted        |     1 |     1 |     3 |     1 ||     6
Armor: Robe              |    13 |    25 |    45 |       ||    83
       Steam dragon scal |       |       |    10 |    84 ||    94
Dodge: Dodged            |    71 |    63 |   152 |   165 ||   451

Table legend: (Time is in decaauts)
 A = Elapsed time spent in this place.
 B = Non-inter-level travel time spent in this place.
 C = Inter-level travel time spent in this place.
 D = Time resting spent in this place.
 E = Time spent auto-exploring this place.
 F = Levels seen in this place.
 G = Mean time per level.
                   A        B        C        D        E       F      G
               +--------+--------+--------+--------+--------+-----+--------+
         Total |  11417 |  11037 |    380 |    479 |   8621 |  12 |  951.4 |
       Dungeon |  11092 |  10722 |    370 |    471 |   8417 |  10 | 1109.2 |
        Temple |     64 |     55 |      9 |      0 |     45 |   1 |   64.0 |
       Ossuary |    260 |    260 |      0 |      8 |    159 |   1 |  260.0 |
               +--------+--------+--------+--------+--------+-----+--------+

Top non-repeatable levels by time:
     D:9: 1703 daAuts
     D:6: 1570 daAuts
     D:5: 1196 daAuts
     D:8: 1171 daAuts
     D:2: 1159 daAuts
     D:1: 1026 daAuts
     D:7: 990 daAuts
     D:3: 980 daAuts
     D:4: 778 daAuts
    D:10: 515 daAuts
 Ossuary: 260 daAuts
  Temple: 64 daAuts
